 Dungeon Crawl Stone Soup version 0.20.1-1-g8b1a95d66d (webtiles) character file.

121 Ivernyr the Vandal (level 5, -1/36 HPs)
             Began as a Halfling Hunter on Nov 17, 2017.
             Slain by Crazy Yiuf
             ... wielding a +2 quarterstaff of chaos
              (3 damage)
             ... on level 2 of the Dungeon.
             The game lasted 00:08:20 (2360 turns).

Ivernyr the Vandal (Halfling Hunter)                Turns: 2360, Time: 00:08:21

Health: -1/36      AC:  3    Str: 13    XL:     5   Next: 26%
Magic:  5/5        EV: 15    Int: 10    God:
Gold:   71         SH:  0    Dex: 15    Spells: 4/4 levels left

rFire    . . .     SeeInvis .   b - +0 dagger (venom)
rCold    . . .     Gourm    .   (shield restricted)
rNeg     . . .     Faith    .   c - +0 leather armour
rPois    .         Spirit   .   (no helmet)
rElec    .         Reflect  .   (no cloak)
rCorr    .         Harm     .   (no gloves)
MR       .....                  (no boots)
Stlth    ++........             (no amulet)
Regen    0.2/turn               (no ring)
MPRegen  0.1/turn               (no ring)

@: no status effects
A: mutation resistance 1
a: no special abilities


You were on level 2 of the Dungeon.
You were hungry.

You visited 1 branch of the dungeon, and saw 2 of its levels.

You collected 71 gold pieces.

Inventory:

Hand Weapons
 a - a +1 hunting sling
 b - a +0 dagger of venom (weapon)
Missiles
 d - 33 sling bullets
 i - 49 stones (quivered)
Armour
 c - a +0 leather armour (worn)
Scrolls
 j - 2 scrolls of identify {unknown}
 k - 3 scrolls of remove curse {unknown}
 l - 2 scrolls of enchant weapon {unknown}
 m - a scroll of fear {unknown}
 n - a scroll of teleportation {unknown}
 o - a scroll of noise {unknown}
 p - a scroll of random uselessness {unknown}
Potions
 e - a potion of curing {unknown}
 h - 3 potions of flight {unknown}
 q - a potion of cancellation {unknown}
Comestibles
 f - 5 bread rations
 g - 8 fruits


   Skills:
 + Level 3.0 Fighting
 * Level 7.3 Slings
 + Level 3.2 Dodging
 - Level 1.1 Stealth


You had 4 spell levels left.
You didn't know any spells.

Dungeon Overview and Level Annotations

Branches:
Dungeon (2/15)

Altars:

Annotations:
D:2 Crazy Yiuf


Innate Abilities, Weirdness & Mutations

You are small and have problems with some larger weapons.
You are somewhat resistant to further mutation.


Message History

You barely miss Crazy Yiuf.
Crazy Yiuf is severely wounded.
Crazy Yiuf misses you.
You closely miss Crazy Yiuf.
Crazy Yiuf is severely wounded.
Crazy Yiuf hits you with a quarterstaff of chaos.
You are electrocuted!
* * * LOW HITPOINT WARNING * * *
You completely miss Crazy Yiuf.
Crazy Yiuf is severely wounded.
The frilled lizard barely misses you.
Crazy Yiuf screams, "Liver bush sing!"
Crazy Yiuf misses you. The frilled lizard barely misses you.
You hit Crazy Yiuf.
Crazy Yiuf is poisoned.
Crazy Yiuf is almost dead.
Crazy Yiuf hits you with a quarterstaff of chaos.
* * * LOW HITPOINT WARNING * * *
Crazy Yiuf freezes you.
You die...

#.......# #.......#.# #
#.....<.# ###....##.# #
#.......# #....##.# #.......#
#....##.# ####....# #.......#
#....# #.....###
#################.....# ##
###.#....####<#.........#
...##l.#..P...lg@.#.##.##.###
...'.####PP....##....#.##.#
)..### ##P...########....# ##
###### ######


You could see Crazy Yiuf and a frilled lizard.

Vanquished Creatures
  Terence (D:2)
  4 gnolls (D:2)
  An adder (D:2)
  A worm (D:2)
  2 leopard geckos
  A giant cockroach (D:2)
  3 hobgoblins
  5 jackals
  7 bats
  A frilled lizard (D:2)
  6 goblins
  8 kobolds
  8 rats
48 creatures vanquished.

Notes
Turn   | Place    | Note
-------+----------+-------------------------------------------
     0 | D:1      | Ivernyr the Halfling Hunter began the quest for the Orb.
     0 | D:1      | Reached XP level 1. HP: 14/14 MP: 1/1
    75 | D:1      | Reached XP level 2. HP: 1/19 MP: 2/2
   487 | D:1      | Reached skill level 6 in Slings
   815 | D:1      | Reached XP level 3. HP: 19/24 MP: 3/3
  1726 | D:2      | Reached XP level 4. HP: 30/30 MP: 4/4
  1914 | D:2      | Reached skill level 7 in Slings
  1932 | D:2      | Noticed Terence
  1987 | D:2      | Killed Terence
  1987 | D:2      | Reached XP level 5. HP: 12/36 MP: 5/5
  2336 | D:2      | Found a runed door.
  2340 | D:2      | Noticed Crazy Yiuf
  2360 | D:2      | Slain by Crazy Yiuf

Skill      XL: |  1  2  3  4 |
---------------+-------------+-----
Fighting       | 2 3 |  3.0
Slings         | 6 7 |  7.3
Dodging        | 3 |  3.2
Stealth        | |  1.1

Action                   |  1- 3 |  4- 6 || total
-------------------------+-------+-------++-------
Melee: Short sword       |   136 |     7 ||   143
       Dagger            |       |    37 ||    37
 Fire: Hunting sling     |    15 |       ||    15
 Stab: Sleeping          |     2 |       ||     2
  Eat: Chunk             |     2 |     2 ||     4
Armor: Leather armour    |    37 |     8 ||    45
Dodge: Dodged            |   160 |    27 ||   187
